 Dungeon Crawl Stone Soup version 0.24.0-123-gd5b16e6ec5 (webtiles) character file.

Game seed: 520722028800194921, levelgen mode: deterministic

3232 Kohma the Ducker (level 9, -2/55 HPs)
             Began as a Tengu Transmuter on Feb 8, 2020.
             Was a Follower of Vehumet.
             Slain by Erica
             ... wielding a +3 scimitar of flaming
              (4 damage)
             ... on level 8 of the Dungeon.
             The game lasted 00:42:27 (10062 turns).

Kohma the Ducker (Tengu Transmuter)                Turns: 10062, Time: 00:42:27

Health: -2/55      AC:  2    Str: 11    XL:     9   Next: 98%
Magic:  15/16      EV: 32    Int: 17    God:    Vehumet [*.....]
Gold:   383        SH:  0    Dex: 19    Spells: 10/16 levels left

rFire    . . .     SeeInvis .     - Unarmed
rCold    . . .     Gourm    +   (shield currently unavailable)
rNeg     . . .     Faith    .   (armour currently unavailable)
rPois    x         Spirit   .   (helmet currently unavailable)
rElec    .         Reflect  .   (cloak currently unavailable)
rCorr    .         Harm     .   (gloves currently unavailable)
MR       .....                  (boots unavailable)
Stlth    +++.......             o - amulet of the gourmand
HPRegen  0.18/turn              (no ring)
MPRegen  0.15/turn              (no ring)

@: spider-form, flying quickly and evasively, studying Stealth, quick
A: tiny, able to fly
a: Stop Flying, End Transformation, Renounce Religion


You were on level 8 of the Dungeon.
You worshipped Vehumet.
Vehumet was aware of your devotion.
You were very full.
You were a venomous arachnid creature.
You visited 2 branches of the dungeon, and saw 9 of its levels.

You collected 383 gold pieces.

Inventory:

Hand Weapons
 a - a +1 whip of electrocution (melded)
 b - a +0 hunting sling
 D - a +0 rapier
Missiles
 h - 4 datura-tipped darts
 j - 171 stones
 k - 119 arrows
 t - a throwing net (quivered)
 u - 33 sling bullets
 H - 8 atropa-tipped darts
Armour
 c - a +1 robe (melded)
 x - a scarf of cloud immunity (melded)
 G - a +0 shield
Jewellery
 n - a +3 ring of dexterity {unknown}
 o - an amulet of the gourmand (around neck)
 s - an uncursed ring of protection from magic {unknown}
Wands
 y - a wand of disintegration (14)
 F - a wand of random effects (16)
 I - a wand of iceblast (7)
 K - a wand of scattershot (2)
 M - a wand of flame (17)
Scrolls
 e - 4 scrolls of fear
 p - 3 scrolls of fog
 q - 2 scrolls of remove curse
 r - 3 scrolls of teleportation
 C - 2 scrolls of magic mapping
Potions
 f - a potion of curing
 g - a potion of heal wounds {unknown}
 i - a potion of flight {unknown}
 l - a potion of invisibility {unknown}
 m - 2 potions of magic
 v - a potion of brilliance {unknown}
 w - 2 potions of haste
 z - a potion of berserk rage {unknown}
 A - a potion of mutation {unknown}
 B - 2 potions of cancellation {unknown}
 E - a potion of ambrosia {unknown}
Books
 L - a manual of Stealth
Comestibles
 d - 18 rations


   Skills:
 + Level 5.9 Fighting
 - Level 5.2 Maces & Flails
 + Level 7.5 Dodging
 + Level 3.1 Stealth
 - Level 3.2 Unarmed Combat
 - Level 4.1 Spellcasting
 - Level 2.0 Necromancy
 - Level 6.1 Transmutations
 - Level 2.3 Poison Magic


You had 10 spell levels left.
You knew the following spells:

 Your Spells              Type           Power        Failure   Level  Hunger
a - Animate Skeleton      Necr           N/A          19%         1    None
b - Sticks to Snakes      Tmut           ###.....     8%          2    ##.....
c - Spider Form           Tmut/Pois      ###.......   22%         3    ###....

Your spell library contained the following spells:

 Spells                   Type           Power        Failure   Level  Hunger
 Freeze                   Ice            #...         34%         1    None
 Beastly Appendage        Tmut           ###...       6%          1    None
 Apportation              Tloc           #.....       34%         1    None
 Confusing Touch          Hex            #.....       34%         1    None
 Summon Small Mammal      Summ           #...         34%         1    None
 Blade Hands              Tmut           ###.......   56%         5    ######.
 Ice Form                 Ice/Tmut       ##......     63%         4    ####...


Dungeon Overview and Level Annotations

Branches:
Dungeon (8/15)             Temple (1/1) D:7
   Lair: D:8-11

Altars:
Ashenzari
Cheibriados
Dithmenos
Elyvilon
Fedhas
Gozag
Hepliaklqana
Kikubaaqudgha
Makhleb
Nemelex Xobeh
Okawaru
Qazlal
Sif Muna
Trog
Uskayaw
Vehumet
Wu Jian
Xom
Yredelemnul
Zin
The Shining One

Shops:
D:6 [

Annotations:
D:7 exclusion: downstairs, Joseph
D:8 Erica


Innate Abilities, Weirdness & Mutations

((You have a beak for a mouth.))
((You have claws for feet.))
You can fly continuously.


Message History

Aiming: Corrosive Bolt
Press: ? - help, Shift-Dir - straight line The bolt of acid misses the water moccasin.
The now-empty wand crumbles to dust.
The water moccasin completely misses you.
The water moccasin closely misses you.
Evoke which item? (* to show all) (? for menu, Esc to quit)
Aiming: Scattershot
Press: ? - help, Shift-Dir - straight line The burst of metal fragments hits the water moccasin!
You kill the water moccasin!
Vehumet accepts your kill.
Training target 2.0 for Necromancy reached!
Your Stealth skill increases to level 3!
Your Necromancy skill increases to level 2!
The burst of metal fragments hits something!
Something hits you!
* * * LOW HITPOINT WARNING * * *
Something burns you.
You die...

..........# #)......#
..........###..######
##)#######......#
.).########.#...#
###.............##
....#######.....>#
....# #....#.#
....##### #....#{#
........# #....#s#
###.###.###....#.#
#.#...).#....#.#
#.#.#.#.#....#.#
#.#.#.#.###).#.#
###.#.#.#.# #..#.#
..#.#.#.#.# ..#.#
#.#.#.#.#.# #.#
#.#.#.#.#.######.#


There were no monsters in sight!

Vanquished Creatures
  A tengu conjurer (D:8)
  A human (D:7)
  4 hogs (D:7)
  A water moccasin (D:8)
  2 ice beasts
  A necrophage (D:5)
  An orc warrior (D:7)
  An ogre (D:4)
  2 centaurs (D:8)
  2 big kobolds (D:8)
  2 bullfrogs (D:6)
  6 killer bees
  A wight (D:7)
  4 crimson imps
  2 jellies
  A quasit (D:6)
  An orc priest (D:4)
  A gnoll shaman (D:4)
  6 hounds
  2 orc wizards
  An iguana (D:7)
  A bullfrog skeleton (D:4)
  5 worker ants
  A hound skeleton (D:6)
  A worker ant zombie (D:6)
  8 gnolls
  11 adders
  A shadow imp (D:7)
  An ooze (D:2)
  An adder skeleton (D:5)
  A dart slug (D:3)
  3 leopard geckos
  10 orcs
  2 ball pythons (D:3)
  5 giant cockroaches
  7 goblins
  9 hobgoblins
  14 jackals
  7 quokkas
  7 bats
  5 frilled lizards
  11 kobolds
  A leopard gecko zombie (D:8)
  6 rats
161 creatures vanquished.

Vanquished Creatures (collateral kills)
  An adder (D:2)
  A bat (D:2)
2 creatures vanquished.

Vanquished Creatures (others)
  A quokka (D:5)
1 creature vanquished.

Grand Total: 164 creatures vanquished

Notes
Turn   | Place    | Note
-------+----------+-------------------------------------------
     0 | D:1      | Kohma the Tengu Transmuter began the quest for the Orb.
     0 | D:1      | Reached XP level 1. HP: 12/12 MP: 4/4
   301 | D:1      | You fall into a shaft and drop 1 floor!
   301 | D:2      | Found an iron altar of Okawaru.
   439 | D:2      | Reached XP level 2. HP: 12/16 MP: 6/6
   443 | D:2      | Learned a level 2 spell: Sticks to Snakes
   908 | D:2      | Reached skill level 1 in Maces & Flails
  1001 | D:2      | Reached XP level 3. HP: 5/20 MP: 7/7
  2099 | D:2      | Reached XP level 4. HP: 26/26 MP: 5/8
  2292 | D:2      | Found a bloodstained altar of Trog.
  2556 | D:2      | Found a shimmering blue altar of Sif Muna.
  2793 | D:3      | Learned a level 3 spell: Spider Form
  2987 | D:3      | Gained mutation: You can fly continuously. [Tengu growth]
  2987 | D:3      | Reached XP level 5. HP: 22/30 MP: 2/9
  3245 | D:3      | Found a faded altar of an unknown god.
  3884 | D:3      | Reached skill level 1 in Poison Magic
  4019 | D:4      | Reached XP level 6. HP: 23/35 MP: 7/10
  4387 | D:4      | Found a shattered altar of Ashenzari.
  4387 | D:4      | Found a basalt altar of Yredelemnul.
  4424 | D:4      | Reached skill level 3 in Dodging
  4614 | D:4      | Reached XP level 7. HP: 29/40 MP: 9/11
  5110 | D:5      | Entered Level 5 of the Dungeon
  5110 | D:5      | Found a sparkling altar of Nemelex Xobeh.
  5128 | D:5      | Found a radiant altar of Vehumet.
  5135 | D:5      | Became a worshipper of Vehumet
  5608 | D:5      | Reached skill level 4 in Dodging
  5755 | D:5      | Found a white marble altar of Elyvilon.
  5894 | D:5      | Reached skill level 5 in Maces & Flails
  6203 | D:6      | Found Obeb's Antique Armour Boutique.
  6275 | D:6      | Reached XP level 8. HP: 43/44 MP: 13/13
  6352 | D:6      | Found an iron altar of Okawaru.
  7161 | D:7      | Found a staircase to the Ecumenical Temple.
  7175 | Temple   | Entered the Ecumenical Temple
  7267 | D:7      | Reached skill level 5 in Dodging
  7387 | D:7      | Found a shadowy altar of Dithmenos.
  7454 | D:7      | Noticed Joseph
  8125 | D:7      | Found an opulent altar of Gozag.
  8211 | D:7      | Reached skill level 5 in Transmutations
  8219 | D:7      | Reached XP level 9. HP: 29/52 MP: 10/16
  8228 | D:7      | Reached skill level 6 in Dodging
  8235 | D:7      | Reached * piety under Vehumet
  8235 | D:7      | Offered knowledge of Freeze by Vehumet.
  8985 | D:8      | Reached skill level 5 in Fighting
  9321 | D:7      | Learned a level 1 spell: Animate Skeleton
  9334 | D:8      | Noticed a tengu conjurer
  9487 | D:8      | Killed a tengu conjurer
  9487 | D:8      | Reached skill level 7 in Dodging
  9712 | D:8      | Reached skill level 1 in Stealth
  9727 | D:8      | Reached skill level 1 in Necromancy
  9843 | D:8      | Noticed a skeletal warrior
 10022 | D:8      | Noticed Erica
 10062 | D:8      | HP: 2/55 [something (9)]
 10062 | D:8      | Slain by Erica

Levels and vault maps discovered:
D:1:      dpeg_arrival_circle_labyrinth_c, layout_basic
D:2:      layout_loops_ring, lightli_temple_of_fire, lemuel_blue_sif_altar,
          nicolae_overflow_crystal_walls, first_ration
D:3:      layout_rooms, chequers_ecumenical_altar_simple
D:4:      layout_basic, gammafunk_temple_overflow_wave
D:5:      layout_basic, elyvilon_altar_4, vehumet_crystals,
          nemelex_xobeh_ov_fountains_minmay, st_stairs_7
D:6:      layout_cave_pods, serial_shops, nicolae_shop_overgrown_old_shop,
          okawaru_trees_2
D:7:      layout_loops_ring, old_standard_altar, minmay_temple_entry_mist,
          grunt_livestock, nicolae_gozag_seed_capital, uniq_joseph
D:8:      layout_basic, minmay_manual_monolith, uniq_erica
Temple:   nicolae_temple_x_marks_the_god

Skill      XL: |  1  2  3  4  5  6  7  8  9 |
---------------+----------------------------+-----
Transmutations | 2 3 4 5 6 |  6.1
Maces & Flails | 1 2 3 5 |  5.2
Fighting       | 2 3 5 |  5.9
Poison Magic   | 1 2 |  2.3
Dodging        | 3 4 5 7 |  7.5
Spellcasting   | 4 |  4.1
Stealth        | 3 |  3.1
Necromancy     | 2 |  2.0
Unarmed Combat | |  3.2

Action                   |  1- 3 |  4- 6 |  7- 9 || total
-------------------------+-------+-------+-------++-------
Melee: Whip              |    48 |    56 |   152 ||   256
       Kick              |    13 |    11 |    33 ||    57
       Peck              |     4 |     7 |    14 ||    25
       Unarmed           |       |    48 |   166 ||   214
       Punch             |       |     1 |     2 ||     3
 Fire: Hunting sling     |    52 |    36 |    20 ||   108
 Cast: Sticks to Snakes  |     3 |     6 |    11 ||    20
       Spider Form       |       |     5 |    18 ||    23
 Abil: Fly               |       |     1 |       ||     1
Evoke: Wand              |       |       |     9 ||     9
  Use: Scroll            |       |    13 |     5 ||    18
       Potion            |       |       |     6 ||     6
 Stab: Distracted        |       |     1 |       ||     1
       Sleeping          |       |       |     3 ||     3
  Eat: Chunk             |     4 |    19 |    17 ||    40
Armor: Robe              |     9 |    10 |    12 ||    31
       Skin              |       |       |    11 ||    11
Dodge: Dodged            |    30 |    80 |   344 ||   454
